 Dungeon Crawl Stone Soup version bcrawl-1.18.1 (webtiles) character file.

Game seed: 1988766663403835027

456 Banto the Insei (level 7, -6/43 HPs)
             Began as an Octopode Transmuter on Nov 6, 2019.
             Killed by divine providence
             ... invoked by an orc priest
              (12 damage)
             ... on level 4 of the Dungeon.
             The game lasted 00:04:03 (3606 turns).

Banto the Insei (Octopode Transmuter)               Turns: 3606, Time: 00:04:03

Health: -6/43      AC:  2    Str: 13    XL:     7   Next: 6%
Magic:  8/11       EV: 20    Int: 16    God:
Gold:   241        SH:  0    Dex: 18    Spells: 2/12 levels left

rFire    . . .     SeeInvis .     - Unarmed
rCold    . . .     Gourm    .   (shield currently unavailable)
rNeg     . . .     Faith    .   (helmet currently unavailable)
rPois    x         Spirit   .   (cloak currently unavailable)
rElec    .         Reflect  .   (no amulet)
rCorr    .         Harm     .   o - +3 ring of strength
MR       .....                  (no ring)
Stlth    ++........             (no ring)
HPRegen  0.14/turn              (no ring)
MPRegen  0.12/turn              (no ring)
                                (no ring)
                                (no ring)
                                (no ring)

@: spider-form
A: tiny, almost no armour, stealthy swim, (amphibious), 8 rings, (constrict 8)
a: End Transformation


You were on level 4 of the Dungeon.
You were very hungry.
You were a venomous arachnid creature.
You visited 1 branch of the dungeon, and saw 4 of its levels.

You collected 241 gold pieces.

Inventory:

Missiles
 a - 241 arrows
Jewellery
 o - a +3 ring of strength (left front leg)
Scrolls
 b - a scroll of teleportation
 g - a scroll of immolation
 j - a scroll of remove curse {unknown}
 l - a scroll of enchant weapon {unknown}
Potions
 e - 3 potions of brilliance
 h - a potion of agility {unknown}
 i - 2 potions of curing
 k - 3 potions of heal wounds {unknown}
 m - a potion of haste {unknown}
 n - a potion of magic {unknown}
Comestibles
 d - 10 rations {!d}


   Skills:
 - Level 1.0 Fighting
 - Level 2.0 Dodging
 + Level 5.4 Unarmed Combat
 - Level 3.2 Spellcasting
 + Level 4.9 Transmutations


You had 2 spell levels left.
You knew the following spells:

 Your Spells              Type           Power        Failure   Level  Hunger
a - Beastly Appendage     Tmut           ###...       9%          1    None
b - Sticks to Snakes      Tmut           ###.....     12%         2    ##.....
c - Spider Form           Tmut/Pois      ##.          41%         3    ###....
d - Ice Form              Ice/Tmut       ##......     75%         4    ####...

Your spell library contained the following spells:

 Spells                   Type           Power        Failure   Level  Hunger
 Blade Hands              Tmut           ###.......   75%         5    ######.


Dungeon Overview and Level Annotations

Branches:
Dungeon (4/12)             Temple (0/1) D:4

Altars:
Yredelemnul


Innate Abilities, Weirdness & Mutations

You cannot wear most types of armour.
You are very stealthy in the water. (Stealth+)
((You are amphibious.))
You can wear up to eight rings at the same time.
((You can use your tentacles to constrict eight enemies at once.))
((Your skin changes colour to match your surroundings (Stealth+).))
((Your rubbery body absorbs attacks. (AC +1, EV +1)))


Message History

Items here: ! )) † a +0 mace; a glowing puce potion; a +0 dagger; an orc corpse You bite the orc priest!
The orc priest is poisoned.
The orc priest is heavily wounded.
The orc priest calls down the wrath of Beogh upon you.
Pain shoots through your body!
* * * LOW HITPOINT WARNING * * *
You barely miss the orc priest.
The orc priest is heavily wounded.
The orc priest closely misses you.
You hit the orc priest.
The orc priest is severely wounded.
You barely miss the orc priest.
The orc priest is severely wounded.
The orc priest barely misses you.
You barely miss the orc priest.
The orc priest is severely wounded.
The orc priest calls down the wrath of Beogh upon you.
Beogh smites you!
You die...

..'............................
..#............................
..#............................
..#............................
..#........#+###......#'#######
..#........+...#......+.......#
..#........#...#......#.......#
..#........#...#..)...#.......#
..#........#...#s†....#.......#
..#........#..÷o[.....#.......#
..#........#..##......#########
..#......######.......#
..'......#....#.......#
..#......#....#.......#
..#......#....#.......#
..#......#....#.......#
..#......#'####.......##########


You could see an orc priest.

Vanquished Creatures
  Sigmund (D:2)
  A centaur (D:4)
  A crimson imp (D:3)
  2 hounds (D:4)
  An orc priest (D:4)
  An orc wizard (D:4)
  2 adders
  A shadow imp (D:4)
  An ooze (D:2)
  An adder skeleton (D:4)
  3 worms (D:2)
  3 dart slugs
  A leopard gecko (D:2)
  5 orcs (D:4)
  2 giant cockroaches
  2 goblins
  6 hobgoblins
  6 jackals (D:4)
  5 kobolds
  2 quokkas (D:3)
  6 ball pythons (D:2)
  2 bats
  4 frilled lizards
  5 rats
  A spectral orc (D:3)
65 creatures vanquished.

Vanquished Creatures (collateral kills)
  A ball python (D:2)
1 creature vanquished.

Grand Total: 66 creatures vanquished

Notes
Turn   | Place    | Note
-------+----------+-------------------------------------------
     0 | D:1      | Banto the Octopode Transmuter began the quest for the Orb.
     0 | D:1      | Reached XP level 1. HP: 13/13 MP: 3/3
   306 | D:1      | Reached XP level 2. HP: 8/18 MP: 5/5
   790 | D:2      | Learned a level 2 spell: Sticks to Snakes
   808 | D:2      | Reached XP level 3. HP: 17/23 MP: 3/6
   892 | D:2      | Learned a level 3 spell: Spider Form
   935 | D:2      | Noticed Sigmund
   952 | D:2      | Killed Sigmund
   952 | D:2      | Reached skill level 4 in Unarmed Combat
   952 | D:2      | Reached XP level 4. HP: 26/28 MP: 0/8
   952 | D:2      | Reached XP level 5. HP: 30/33 MP: 0/9
  1805 | D:3      | Learned a level 4 spell: Ice Form
  1825 | D:3      | Found a basalt altar of Yredelemnul.
  2295 | D:3      | Reached XP level 6. HP: 35/38 MP: 10/10
  2911 | D:4      | Found a staircase to the Ecumenical Temple.
  2963 | D:4      | Reached skill level 5 in Unarmed Combat
  3600 | D:4      | Reached XP level 7. HP: 25/43 MP: 7/11
  3606 | D:4      | Killed from afar by an orc priest

Skill      XL: |  1  2  3  4  5  6 |
---------------+-------------------+-----
Unarmed Combat | 4 5 |  5.4
Spellcasting   | 3 |  3.2
Transmutations | 3 4 |  4.9
Fighting       | |  1.0
Dodging        | |  2.0

Action                   |  1- 3 |  4- 6 |  7- 9 || total
-------------------------+-------+-------+-------++-------
Melee: Unarmed           |    39 |   130 |     5 ||   174
       Constrict         |    10 |    24 |       ||    34
       Tentacles         |     3 |    14 |       ||    17
       Punch             |       |     3 |       ||     3
       Kick              |       |     1 |       ||     1
 Cast: Sticks to Snakes  |     3 |       |       ||     3
       Spider Form       |     1 |     6 |       ||     7
       Beastly Appendage |       |     2 |       ||     2
  Use: Scroll            |       |     7 |       ||     7
       Potion            |       |     1 |       ||     1
 Stab: Sleeping          |     3 |     8 |       ||    11
       Distracted        |     1 |       |       ||     1
  Eat: Chunk             |       |     8 |       ||     8
Armor: Skin              |     3 |     9 |       ||    12
Dodge: Dodged            |    22 |    74 |     2 ||    98
